 Dungeon Crawl Stone Soup version 0.25-a0-435-g4b9beb1024 (webtiles) character file.

Game seed: 572053350668610174, levelgen mode: deterministic

1175 Emblim88 the Stinger (level 8, 0/67 HPs)
             Began as a Troll Venom Mage on Jan 29, 2020.
             Was a Believer of Vehumet.
             Slain by Pikel
             ... wielding a +0 whip of electrocution
              (15 damage)
             ... on level 6 of the Dungeon.
             The game lasted 00:16:21 (4105 turns).

Emblim88 the Stinger (Troll Venom Mage)             Turns: 4105, Time: 00:16:25

Health: 0/67       AC:  7    Str: 18    XL:     8   Next: 18%
Magic:  4/11       EV: 10    Int: 12    God:    Vehumet [**....]
Gold:   270        SH:  3    Dex: 10    Spells: 0/12 levels left

rFire    . . .     SeeInvis .     - Unarmed
rCold    . . .     Gourm    +   (no shield)
rNeg     . . .     Faith    .   a - +0 robe
rPois    .         Spirit   .   (helmet restricted)
rElec    .         Reflect  +   u - +0 cloak
rCorr    .         Harm     .   (gloves unavailable)
MR       .....                  (boots unavailable)
Stlth    +++.......             i - +3 amulet of reflection
HPRegen  0.61/turn              f - ring of stealth
MPRegen  0.12/turn              q - ring of stealth

@: very slightly contaminated, invisible
A: large, unfitting armour, claws 3, fast metabolism 3, gourmand, regeneration
1, shaggy fur 1, tough skin 3
a: Renounce Religion


You were on level 6 of the Dungeon.
You worshipped Vehumet.
Vehumet was pleased with you.
You were very full.

You visited 1 branch of the dungeon, and saw 6 of its levels.

You collected 270 gold pieces.

Inventory:

Missiles
 e - 179 stones (quivered)
 s - 3 boomerangs
 A - a throwing net
Armour
 a - a +0 robe (worn)
 n - a scarf of spirit shield
 u - a +0 cloak (worn)
Jewellery
 f - a ring of stealth (left claw)
 i - a +3 amulet of reflection (around neck)
 q - a ring of stealth (right claw)
 x - an uncursed amulet of faith {unknown}
 E - an uncursed amulet of faith {unknown}
Wands
 t - a wand of random effects (16)
Scrolls
 d - a scroll of noise
 h - 6 scrolls of remove curse
 j - 2 scrolls of teleportation
 l - a scroll of enchant weapon {unknown}
 o - a scroll of amnesia
 p - a scroll of magic mapping
 y - a scroll of fear
 C - a scroll of blinking {unknown}
 D - a scroll of enchant armour {unknown}
Potions
 b - 2 potions of flight
 g - 5 potions of curing
 r - a potion of agility {unknown}
 B - a potion of brilliance {unknown}
 F - 2 potions of degeneration {unknown}
Comestibles
 c - 11 rations


   Skills:
 - Level 1.5 Dodging
 - Level 1.0 Stealth
 + Level 3.9 Unarmed Combat
 + Level 2.8 Spellcasting
   Level 2.9 Transmutations
 + Level 1.9 Fire Magic
 * Level 5.1 Poison Magic


You couldn't memorise any spells.
You knew the following spells:

 Your Spells              Type           Power        Failure   Level  Hunger
a - Searing Ray           Conj           #.....       36%         2    ###....
b - Poisonous Vapours     Pois/Air       #.....       13%         2    ###....
c - Foxfire               Conj/Fire      #...         17%         1    #......
d - Olgreb's Toxic Radia  Pois           ##......     30%         4    #####..
e - Mephitic Cloud        Conj/Pois/Air  #.......     36%         3    ###....

Your spell library contained the following spells:

 Spells                   Type           Power        Failure   Level  Hunger
 Sting                    Tmut/Pois      ##..         4%          1    #......
 Ignite Poison            Fire/Tmut/Pois #.......     19%         3    ###....


Dungeon Overview and Level Annotations

Branches:
Dungeon (6/15)             Temple (0/1) D:6

Altars:
Ashenzari
Kikubaaqudgha
Vehumet
Xom
Zin
The Shining One

Shops:
D:4 [

Annotations:
D:4 2 transporters, paps's ghost, amateur TrFi
D:6 Pikel


Innate Abilities, Weirdness & Mutations

You are too large for most types of armour.
You have claws for hands.
Your metabolism is lightning-fast.
You like to eat raw meat.
Your natural rate of healing is unusually fast.
You are covered in fur. (AC +1)
You have extremely tough skin. (AC +3)


Message History

You catch the helpless Pikel completely off-guard!
You claw Pikel!
Pikel is severely wounded.
Pikel hits you with a +0 whip of electrocution!
* * * LOW HITPOINT WARNING * * *
You block Pikel's attack.
You strike the helpless Pikel from behind!
You scratch Pikel.
Pikel is almost dead.
Pikel barely misses you.
You miss Pikel.
Pikel is almost dead.
Pikel barely misses you.
You closely miss Pikel.
Pikel is almost dead.
Pikel looks more healthy.
Pikel hits you with a +0 whip of electrocution.
* * * LOW HITPOINT WARNING * * *
You are electrocuted!
You die...

##.....>!...#
#..#..#####. #
#.##.## ..###
#.##.#
#....##....#####
#...p..........
#.##pp#########
#K## #@# #.# #
##.####).
.##.#####.......#
...........######
................
..#.####..######
....##.##
#.<......##


You could see Pikel and 3 slaves.

Vanquished Creatures
  Sigmund (D:2)
  An orc warrior (D:6)
  2 scorpions (D:5)
  2 vampire bats (D:3)
  A jelly (D:5)
  A bullfrog zombie (D:5)
  2 hounds (D:5)
  2 centaur skeletons (D:4)
  Crazy Yiuf (D:2)
  A gnoll shaman (D:5)
  3 orc priests
  An iguana (D:5)
  2 orc wizards
  Jessica (D:2)
  A worker ant (D:4)
  8 gnolls
  8 adders
  An adder zombie (D:5)
  3 worms
  5 dart slugs
  2 leopard geckos
  24 orcs
  7 bats
  4 bat skeletons (D:3)
  3 bat zombies (D:3)
  4 giant cockroaches
  7 goblins
  4 hobgoblins
  2 jackals (D:4)
  2 quokkas
  6 frilled lizards
  A jackal skeleton (D:5)
  6 kobolds
  A quokka zombie (D:5)
  9 rats
129 creatures vanquished.

Vanquished Creatures (others)
  4 foxfires
4 creatures vanquished.

Grand Total: 133 creatures vanquished

Notes
Turn   | Place    | Note
-------+----------+-------------------------------------------
     0 | D:1      | Emblim88 the Troll Venom Mage began the quest for the Orb.
     0 | D:1      | Reached XP level 1. HP: 16/16 MP: 1/1
   148 | D:1      | Reached XP level 2. HP: 24/24 MP: 3/3
   152 | D:1      | Learned a level 2 spell: Poisonous Vapours
   357 | D:1      | Reached skill level 1 in Transmutations
   572 | D:2      | Noticed Jessica
   577 | D:2      | Killed Jessica
   577 | D:2      | Reached skill level 1 in Unarmed Combat
   577 | D:2      | Reached XP level 3. HP: 31/31 MP: 1/4
   686 | D:2      | Noticed Sigmund
   728 | D:2      | Killed Sigmund
   728 | D:2      | Reached skill level 3 in Poison Magic
   728 | D:2      | Reached XP level 4. HP: 35/39 MP: 1/6
   728 | D:2      | Reached XP level 5. HP: 40/45 MP: 1/7
   882 | D:2      | Found a glowing silver altar of Zin.
   892 | D:2      | Found a radiant altar of Vehumet.
   901 | D:2      | Became a worshipper of Vehumet
   928 | D:2      | You fall into a shaft and drop 2 floors!
  1071 | D:2      | Found a runed translucent door.
  1072 | D:2      | Noticed Crazy Yiuf
  1208 | D:2      | Killed Crazy Yiuf
  1208 | D:2      | Reached XP level 6. HP: 38/53 MP: 5/8
  1328 | D:3      | Found a shimmering altar of Xom.
  1492 | D:3      | Found a shattered altar of Ashenzari.
  1687 | D:3      | Reached * piety under Vehumet
  1687 | D:3      | Offered knowledge of Foxfire by Vehumet.
  1695 | D:3      | Learned a level 1 spell: Foxfire
  1700 | D:3      | Learned a level 4 spell: Olgreb's Toxic Radiance
  1773 | D:3      | Found an ancient bone altar of Kikubaaqudgha.
  1804 | D:3      | Reached skill level 4 in Poison Magic
  2384 | D:4      | Reached XP level 7. HP: 17/59 MP: 9/9
  2612 | D:4      | Reached skill level 1 in Fire Magic
  2642 | D:4      | Found a transporter.
  2644 | D:4      | Noticed paps's ghost (amateur TrFi)
  2645 | D:4      | Found a transporter.
  2661 | D:4      | Found Yhipti's Armour Shop.
  2708 | D:4      | Offered knowledge of Searing Ray by Vehumet.
  2714 | D:4      | Reached ** piety under Vehumet
  2869 | D:5      | Entered Level 5 of the Dungeon
  3457 | D:5      | Learned a level 3 spell: Mephitic Cloud
  3658 | D:5      | Reached XP level 8. HP: 67/67 MP: 8/11
  3879 | D:5      | Found a glowing golden altar of the Shining One.
  3967 | D:6      | Found a staircase to the Ecumenical Temple.
  4028 | D:6      | Reached skill level 5 in Poison Magic
  4066 | D:6      | Learned a level 2 spell: Searing Ray
  4078 | D:6      | Noticed Pikel
  4105 | D:6      | Slain by Pikel

Levels and vault maps discovered:
D:1:      psy_arrival_whirlpool, layout_rooms
D:2:      layout_rooms, amethyst_overflow_temple_binary,
          uniq_crazy_yiuf_cottage, uniq_jessica, uniq_sigmund
D:3:      layout_loops_corners, evilmike_ruin_ashenzari,
          kennysheep_vampire_church, lemuel_crystal_altar, first_ration
D:4:      layout_rooms, gammafunk_ghost_arena, serial_shops, shop_fountains
D:5:      layout_loops_corners, tso_altar
D:6:      layout_rooms, minmay_temple_entry_arrows, uniq_pikel

Skill      XL: |  1  2  3  4  5  6  7  8 |
---------------+-------------------------+-----
Transmutations | 1 2 |  2.9
Unarmed Combat | 1 2 3 |  3.9
Spellcasting   | 2 |  2.8
Poison Magic   | 3 4 5 |  5.1
Fire Magic     | 1 |  1.9
Dodging        | |  1.5
Stealth        | |  1.0

Action                   |  1- 3 |  4- 6 |  7- 9 || total
-------------------------+-------+-------+-------++-------
Melee: Unarmed           |    78 |   183 |   127 ||   388
       Punch             |       |     1 |     1 ||     2
Throw: Stone             |       |       |    21 ||    21
 Cast: Poisonous Vapours |     3 |     1 |     8 ||    12
       Olgreb's Toxic Ra |       |       |     5 ||     5
       Foxfire           |       |       |     3 ||     3
  Use: Scroll            |       |     5 |     7 ||    12
       Potion            |       |     4 |     2 ||     6
 Stab: Sleeping          |       |     8 |     9 ||    17
       Invisible         |       |       |     2 ||     2
  Eat: Chunk             |    12 |     8 |    25 ||    45
Armor: Robe              |    37 |   106 |    32 ||   175
Dodge: Dodged            |    44 |   122 |    52 ||   218
Block: Other             |       |    34 |    15 ||    49

Table legend:
 A = Non-vault XP
 B = Vault XP
 C = Vault XP percentage of total XP
 D = Non-vault monster count
 E = Vault monster count
 F = Vault count percentage of total count
                 A         B        C        D         E       F
            +---------+---------+-------+---------+---------+-------
      Total |    1253 |     426 |  25.4 |     117 |      12 |   9.3
            +---------+---------+-------+---------+---------+-------
        D:1 |      22 |       0 |   0.0 |      13 |       0 |   0.0
        D:2 |      81 |     300 |  78.7 |      22 |       3 |  12.0
        D:3 |      87 |     126 |  59.2 |      22 |       9 |  29.0
        D:4 |     393 |       0 |   0.0 |      35 |       0 |   0.0
        D:5 |     492 |       0 |   0.0 |      20 |       0 |   0.0
        D:6 |     178 |       0 |   0.0 |       5 |       0 |   0.0
            +---------+---------+-------+---------+---------+-------
